 Dungeon Crawl Stone Soup version 0.31-a0-219-g8d62b2e7bb (webtiles) character file.

Game seed: 7649875598673124910

1033 pokeman the Thaumaturge (level 8, 0/35 (44) HPs)
             Began as a Deep Elf Hedge Wizard on July 3, 2023.
             Was an Initiate of Vehumet.
             Slain by a wight
             ... wielding a +3 morningstar of draining
              (3 damage)
             ... while paralysed by an orc
             ... on level 7 of the Dungeon.
             The game lasted 00:10:44 (5931 turns).

pokeman the Thaumaturge (Deep Elf Hedge Wizard)     Turns: 5931, Time: 00:10:46

HP:   0/35 (44)     AC:  8    Str:  7    XL:     8   Next: 3%
MP:   4/22          EV:  2    Int: 22    God:    Vehumet [......]
Gold: 285           SH:  0    Dex: 14    Spells: 13/24 levels left

rFire   . . .        C - +1 whip (venom)
rCold   . . .        (no shield)
rNeg    . . .        b - +0 robe
rPois   .            v - +2 helmet
rElec   .            D - +1 cloak
rCorr   .            (no gloves)
SInv    .            i - +0 pair of boots
Will    .....        (no amulet)
Stlth   ++           (no ring)
HPRegen 0.25/turn    (no ring)
MPRegen 0.18/turn

%: no passive effects
@: paralysed, heavily drained
A: no striking features
a: Renounce Religion


You were on level 7 of the Dungeon.
You worshipped Vehumet.
Vehumet was noncommittal.
You visited 2 branches of the dungeon, and saw 8 of its levels.

You collected 285 gold pieces.

Inventory:

Hand Weapons
 C - a +1 whip of venom (weapon)
Missiles
 s - 3 curare-tipped darts
Armour
 b - a +0 robe (worn)
 i - a +0 pair of boots (worn)
 v - a +2 helmet (worn)
 D - a +1 cloak (worn)
Magical Staves
 c - a staff of earth
Wands
 a - a wand of roots (5)
Scrolls
 e - 3 scrolls of amnesia {unknown}
 g - 3 scrolls of teleportation {unknown}
 h - a scroll of revelation {unknown}
 j - a scroll of noise {unknown}
 k - 5 scrolls of identify {unknown}
 m - 2 scrolls of enchant weapon {unknown}
 p - 2 scrolls of enchant armour {unknown}
 q - 2 scrolls of fear {unknown}
 t - a scroll of silence {unknown}
 x - a scroll of acquirement {unknown}
 y - a scroll of blinking {unknown}
Potions
 d - a potion of magic
 f - 3 potions of invisibility {unknown}
 l - 2 potions of ambrosia {unknown}
 n - a potion of lignification {unknown}
 o - 3 potions of cancellation {unknown}
 r - 2 potions of mutation {unknown}
 u - a potion of heal wounds {unknown}
 w - 4 potions of curing {unknown}
 z - a potion of berserk rage {unknown}
 A - 2 potions of resistance {unknown}


   Skills:
 - Level 2.0 Fighting
 + Level 1.8 Armour
 - Level 3.0 Dodging
 - Level 3.0 Stealth
 * Level 8.9 Spellcasting
 + Level 4.4 Conjurations
 - Level 1.1 Summonings
 - Level 1.1 Translocations
 + Level 0.5 Ice Magic
 - Level 1.1 Air Magic
 - Level 3.0 Earth Magic
 - Level 1.4 Poison Magic
 - Level 1.0 Evocations


You had 13 spell levels left.
You knew the following spells:

 Your Spells              Type           Power      Damage    Failure   Level
a - Magic Dart            Conj           100%       1d8       1%          1
b - Mephitic Cloud        Conj/Pois/Air  20%        N/A       8%          3
c - Call Imp              Summ           28%        N/A       7%          2
d - Blink                 Tloc           28%        N/A       7%          2
e - Hailstorm             Conj/Ice       20%        3d6       8%          3

Your spell library contained the following spells:

 Spells                   Type           Power      Damage    Failure   Level
 Slow                     Hex            36%        N/A       7%          1
 Cigotuvi's Dreadful Rot  Necr/Pois/Air  26%        N/A       7%          2
 Gell's Gravitas          Tloc           14%        N/A       13%         3
 Teleport Other           Tloc           14%        N/A       13%         3
 Inner Flame              Hex/Fire       9%         N/A       21%         3
 Ice Form                 Ice/Tmut       10%        N/A       52%         4
 Yara's Violent Unravell  Hex/Tmut       4%         3d4       88%         5
 Dispersal                Tloc           7%         N/A       100%        6
 Simulacrum               Ice/Necr       5%         N/A       100%        6
 Enfeeble                 Hex            4%         N/A       100%        7
 Ozocubu's Refrigeration  Ice            6%         4d8       100%        7
 Polar Vortex             Ice            6%         N/A       100%        9


Dungeon Overview and Level Annotations

Branches:
Dungeon (7/15)             Temple (1/1) D:5

Altars:
Cheibriados
Elyvilon
Fedhas
Gozag
Makhleb
Sif Muna
Uskayaw
Vehumet
The Shining One

Shops:
D:4 :

Annotations:
D:4 3 runed translucent doors, GoodGuyCap's ghost, weakling DsMo


Message History

The magic dart hits the orc.
The orc is severely wounded.
The orc zaps a wand.
You easily resist.
A wight comes into view.
It is wielding a +3 morningstar of draining.
Your magical contamination has completely faded away.
The orc zaps a wand.
Your cerulean imp easily resists.
You start resting.
A wight is nearby!
Casting: Magic Dart (safe; 1% risk of failure)
Confirm with . or Enter, or press ? or * to list all spells.
Casting: Hailstorm (dangerous; 8% risk of failure)
Press: ? - help, Dir - look around, f - activate A cannonade of hail descends around you!
The hail misses the wight.
The wight hits your cerulean imp with a +3 morningstar of draining!
Your cerulean imp dies!
Your cerulean imp disappears in a puff of smoke!
Unknown command.
Casting: Hailstorm (dangerous; 8% risk of failure)
Confirm with . or Enter, or press ? or * to list all spells.
Casting: Hailstorm (dangerous; 8% risk of failure)
Press: ? - help, Dir - look around, f - activate A cannonade of hail descends around you!
The hail pelts the wight.
The wight partially resists.
The wight is moderately damaged.
The hail misses the orc.
The orc zaps a wand.
You suddenly lose the ability to move!
The wight hits you with a +3 morningstar of draining!
You feel drained. The orc hits you but does no damage.
The wight hits you with a +3 morningstar of draining.
You feel drained. x2
The orc hits you but does no damage.
The wight hits you with a +3 morningstar of draining!
* * * LOW HITPOINT WARNING * * *
You feel drained.
* * * LOW HITPOINT WARNING * * *
You feel drained.
You die...

# ####### ####
############.....####..#####
.).............#.##....#.#.#
#.##.##.##.##..#.##........##
##############).)#..........#
# ##.@zo#........## #
#..#####.........# # #..##
#5.......## # ##
......#.##.## #.##.#
....#....# .# ......
........z# # ######
.....o.... .##### #........#
.#...## .........


You could see a wight and an orc.

Vanquished Creatures
  2 ogres (D:5)
  A centaur (D:4)
  A scorpion (D:5)
  5 wights
  2 jellies
  A hound (D:5)
  An orc priest (D:6)
  4 orc wizards
  An iguana (D:6)
  2 adders
  A shadow imp (D:7)
  2 worms
  3 dart slugs
  11 orcs
  5 endoplasms
  18 giant cockroaches
  4 goblins
  6 hobgoblins
  3 jackals (D:5)
  2 quokkas (D:2)
  5 ball pythons
  7 bats
  2 frilled lizards (D:2)
  3 kobolds
  5 rats
97 creatures vanquished.

Vanquished Creatures (collateral kills)
  A sleepcap (D:7)
  An iguana (D:4)
  2 orcs
4 creatures vanquished.

Grand Total: 101 creatures vanquished

Notes
Turn   | Place    | Note
-------+----------+-------------------------------------------
     0 | D:1      | pokeman the Deep Elf Hedge Wizard began the quest for the
                  | Orb.
     0 | D:1      | Reached XP level 1. HP: 10/10 MP: 7/7
   115 | D:1      | Found a faded altar of an unknown god.
   360 | D:1      | Reached XP level 2. HP: 15/15 MP: 7/9
  1057 | D:2      | Reached skill level 5 in Spellcasting
  1177 | D:2      | Reached XP level 3. HP: 20/20 MP: 0/11
  1181 | D:2      | Learned a level 3 spell: Mephitic Cloud
  1184 | D:2      | Learned a level 2 spell: Call Imp
  1187 | D:2      | Learned a level 2 spell: Blink
  2015 | D:3      | Reached skill level 1 in Armour
  2041 | D:3      | Reached skill level 1 in Fighting
  2443 | D:3      | Reached XP level 4. HP: 25/25 MP: 7/13
  3130 | D:4      | Found Qidunig's Self-Improvement Boutique.
  3192 | D:4      | Found a runed translucent gate.
  3220 | D:4      | Noticed GoodGuyCap's ghost (weakling DsMo)
  3276 | D:4      | Reached skill level 6 in Spellcasting
  3276 | D:4      | Reached XP level 5. HP: 28/29 MP: 4/15
  3442 | D:4      | Noticed a centaur
  3458 | D:4      | Killed a centaur
  3459 | D:4      | Reached skill level 1 in Air Magic
  3459 | D:4      | Reached skill level 1 in Poison Magic
  3459 | D:4      | Reached XP level 6. HP: 14/34 MP: 5/17
  3790 | D:4      | Found a runed translucent gate.
  3790 | D:4      | Found a runed translucent gate.
  3822 | D:5      | Entered Level 5 of the Dungeon
  3834 | D:5      | Reached skill level 7 in Spellcasting
  3874 | D:5      | Reached skill level 1 in Earth Magic
  4169 | D:5      | Reached XP level 7. HP: 39/39 MP: 10/20
  4312 | D:5      | Found a staircase to the Ecumenical Temple.
  4321 | Temple   | Entered the Ecumenical Temple
  4330 | Temple   | Became a worshipper of Vehumet
  4948 | D:6      | Found a blossoming altar of Fedhas.
  5038 | D:6      | Reached skill level 8 in Spellcasting
  5266 | D:5      | Reached skill level 1 in Evocations
  5725 | D:7      | Learned a level 3 spell: Hailstorm
  5806 | D:7      | Reached XP level 8. HP: 31/44 MP: 12/22
  5928 | D:7      | Paralysed by an orc for 5 turns
  5931 | D:7      | Slain by a wight

Illustrated notes

Levels and vault maps discovered:
D:1:      minmay_arrival_doors, layout_loops_ring,
          chequers_ecumenical_altar_island
D:2:      layout_rooms, serial_bayou_crossing
D:3:      minmay_roachtagon, layout_basic, minmay_misc_feat_room
D:4:      layout_basic, gammafunk_ghost_split, hangedman_decor_slide_cut,
          nicolae_shop_self_help
D:5:      layout_gridville, minmay_temple_entry_antechambers
D:6:      layout_cave_pools, mainiacjoe_overflow_boulevard, serial_bayou_ford_a
D:7:      layout_cave_pools, nemelex_spade_bored_becter,
          minmay_manual_macuahuitl
Temple:   nicolae_temple_bog_church

Skill      XL: |  1  2  3  4  5  6  7 |
---------------+----------------------+-----
Spellcasting   | 5 6 7 8 |  8.9
Armour         | 1 |  1.8
Fighting       | 1 2 |  2.0
Conjurations   | 2 3 4 |  4.4
Stealth        | 3 |  3.0
Dodging        | 3 |  3.0
Air Magic      | 1 |  1.1
Poison Magic   | 1 |  1.4
Earth Magic    | 1 3 |  3.0
Evocations     | 1 |  1.0
Summonings     | |  1.1
Translocations | |  1.1
Ice Magic      | |  0.5

Action                     |  1- 3 |  4- 6 |  7- 9 || total
---------------------------+-------+-------+-------++-------
  Melee: Dagger            |     7 |    23 |    20 ||    50
         Whip              |       |       |    14 ||    14
   Cast: Magic Dart        |   137 |   108 |    88 ||   333
         Mephitic Cloud    |       |     4 |     6 ||    10
         Call Imp          |       |     2 |     3 ||     5
         Blink             |       |       |     2 ||     2
         Hailstorm         |       |       |     3 ||     3
   Stab: Confused          |       |     2 |     4 ||     6
 Armour: Robe              |    13 |    14 |    15 ||    42
  Dodge: Dodged            |    38 |    29 |    24 ||    91

Table legend: (Time is in decaauts)
 A = Elapsed time spent in this place.
 B = Non-inter-level travel time spent in this place.
 C = Inter-level travel time spent in this place.
 D = Time resting spent in this place.
 E = Time spent auto-exploring this place.
 F = Levels seen in this place.
 G = Mean time per level.
                   A        B        C        D        E       F      G
               +--------+--------+--------+--------+--------+-----+--------+
         Total |   5941 |   5777 |    164 |     65 |   4930 |   8 |  742.6 |
       Dungeon |   5923 |   5767 |    156 |     65 |   4930 |   7 |  846.1 |
        Temple |     18 |     10 |      8 |      0 |      0 |   1 |   18.0 |
               +--------+--------+--------+--------+--------+-----+--------+

Top non-repeatable levels by time:
     D:5: 1180 daAuts
     D:3: 1172 daAuts
     D:1: 1034 daAuts
     D:2: 853 daAuts
     D:4: 767 daAuts
     D:6: 695 daAuts
     D:7: 218 daAuts
  Temple: 18 daAuts
